 Dungeon Sprint DCSS version 0.22.1-1-ga44c0e56f4 (webtiles) character file.

3909 MuseOD the Unseen (level 10, -26/49 HPs)
             Began as a Spriggan Enchanter on Sept 27, 2018.
             Was a Priest of Dithmenos.
             Killed from afar by Dowan (52 damage)
             ... with a bolt of fire
             ... in the Dungeon (Sprint III: "The Ten Rune Challenge").
             The game lasted 00:03:22 (906 turns).

MuseOD the Unseen (Spriggan Enchanter)               Turns: 906, Time: 00:03:23

Health: -26/49     AC:  3    Str:  4    XL:     10   Next: 1%
Magic:  24/27      EV: 18    Int: 21    God:    Dithmenos [***...]
Gold:   26         SH:  0    Dex: 16    Spells: 22/34 levels left

rFire    . . .     SeeInvis +   i - +4 dagger
rCold    . . .     Gourm    .   (shield restricted)
rNeg     . . .     Faith    .   b - +0 robe
rPois    .         Spirit   .   (helmet restricted)
rElec    .         Reflect  .   k - +0 cloak
rCorr    .         Harm     .   (gloves unavailable)
MR       +....     NoTele   +   (boots unavailable)
Stlth    +++++++++.             (no amulet)
HPRegen  0.16/turn              (no ring)
MPRegen  0.20/turn              (no ring)

@: lethally poisoned (-26 -> -38), slowed, wreathed by umbra, quick
A: very small, unfitting armour, see invisible, herbivore, speed 3, slow
metabolism 2
a: Shadow Step, Renounce Religion


You were in the Dungeon.
You worshipped Dithmenos.
Dithmenos was most pleased with you.
You were not hungry.

You visited 1 branch You collected 26 gold pieces.

Inventory:

Hand Weapons
 a - a +1 dagger
 i - a +4 dagger (weapon)
Armour
 b - a +0 robe (worn)
 k - a +0 cloak (worn)
Wands
 r - a wand of flame (21)
Scrolls
 c - 5 scrolls of identify
 j - a scroll of blinking
 l - a scroll of holy word {unknown}
 m - a scroll of remove curse {unknown}
 o - a scroll of immolation {unknown}
 p - a scroll of magic mapping {unknown}
Potions
 e - 4 potions of curing
 f - 2 potions of heal wounds
 g - a potion of haste
 h - 3 potions of magic
 n - 2 potions of cancellation {unknown}
 q - 4 potions of mutation
 s - 2 potions of berserk rage
 t - a potion of might
Comestibles
 d - 4 rations


   Skills:
 - Level 3.5 Fighting
 + Level 13.4 Short Blades
 - Level 3.0 Dodging
 + Level 17.3 Stealth
 + Level 12.9 Spellcasting
 + Level 13.1 Hexes


You had 22 spell levels left.
You knew the following spells:

 Your Spells              Type           Power        Failure   Level  Hunger
a - Corona                Hex            ######.      1%          1    None
b - Ensorcelled Hibernat  Hex/Ice        #####.       1%          2    None
c - Confuse               Hex            ######..     1%          3    None
d - Dazzling Spray        Conj/Hex       #####.       1%          3    None
e - Tukima's Dance        Hex            ######..     1%          3    None

Your spell library contained the following spells:

 Spells                   Type           Power        Failure   Level  Hunger
 Confusing Touch          Hex            ######       1%          1    None
 Metabolic Englaciation   Hex/Ice        #####.....   9%          5    ####...
 Yara's Violent Unravell  Hex/Tmut       #####.....   9%          5    ####...
 Gell's Gravitas          Tloc           ##........   14%         3    None
 Petrify                  Tmut/Erth      ##......     43%         4    None


Dungeon Overview and Level Annotations

Branches:
Dungeon (1/1)

Altars:
Dithmenos
Elyvilon
Kikubaaqudgha
Okawaru
Ru
Sif Muna
Trog
Uskayaw
Vehumet
Wu Jian
Yredelemnul
Zin
The Shining One
Beogh

Annotations:
D Dowan, Duvessa


Innate Abilities, Weirdness & Mutations

You are very small and have problems with some larger weapons.
You are too small for most types of armour.
You have supernaturally acute eyesight. (SInv)
You are a herbivore.
You cover ground extremely quickly.
You need to consume almost no food.


Message History

You feel as though you will be slow longer.
You see here a curare-tipped needle.
You close the door.
You feel very sick.
Dowan opens the door.
Casting: Ensorcelled Hibernation (safe; 1% risk of failure)
Confirm with . or Enter, or press ? or * to list all spells.
Aiming: Dazzling Spray (safe; 1% risk of failure)
Press: ? - help, Shift-Dir - straight line, f - Dowan
Aim: Dowan, wielding a morningstar of distortion (umbra)
The spray of energy hits Dowan.
Dowan is lightly wounded.
The spray of energy hits Duvessa.
Duvessa is lightly wounded.
Duvessa is dazzled.
You feel sick.
Duvessa shoots a curare-tipped needle.
The curare-tipped needle misses you. Dowan gestures at you while chanting.
The bolt of fire hits you!
Ouch! That really hurt!
You die...

#+#####################
#..§≈§§§#.'...'.#.#.#.+
#.#§§≈#.#.#...##.#.#.##
'.#§..#.#.#)).#.#.#.#.#
#.#§§§#...#.).##.#.#.##
▓▓▓▓▓▓▓▓▓▓▓▓▓▓#.#.#.#.#
##.#.#.# +.#(#.#.#
##@#.#.## ##'#####
#ee.+ #...# #...# #####


You could see Duvessa (blind) and Dowan.

Vanquished Creatures
  Snorg (D)
  A centaur warrior (D)
  2 unseen horrors (D)
  A deep elf mage (D)
  A shadow (D)
  A necrophage (D)
  2 centaurs (D)
  An earth elemental (D)
  A water elemental (D)
  A jelly (D)
  A wizard (D)
  Crazy Yiuf (D)
  A necromancer (D)
  3 humans (D)
  A kobold demonologist (D)
  An ooze (D)
  3 rats (D)
23 creatures vanquished.

Vanquished Creatures (others)
  2 draconian scorchers (D)
  6 hellions (D)
  A yaktaur (D)
9 creatures vanquished.

Grand Total: 32 creatures vanquished

Notes
Turn   | Place    | Note
-------+----------+-------------------------------------------
     0 | D        | MuseOD the Spriggan Enchanter began the quest for the Orb.
     0 | D        | Reached XP level 1. HP: 9/9 MP: 5/5
    18 | D        | Reached skill level 1 in Fighting
    18 | D        | Reached skill level 5 in Stealth
    38 | D        | Killed a yaktaur
   109 | D        | Killed a hellion
   109 | D        | Killed a hellion
   110 | D        | Killed a hellion
   111 | D        | Killed a hellion
   112 | D        | Killed a hellion
   133 | D        | Killed a hellion
   220 | D        | Killed a white draconian scorcher
   240 | D        | Killed a white draconian scorcher
   321 | D        | Noticed Crazy Yiuf
   324 | D        | Killed Crazy Yiuf
   324 | D        | Reached skill level 6 in Stealth
   324 | D        | Reached XP level 2. HP: 15/15 MP: 6/6
   324 | D        | Reached XP level 3. HP: 18/18 MP: 8/8
   336 | D        | Reached skill level 5 in Short Blades
   336 | D        | Reached skill level 7 in Stealth
   357 | D        | Noticed a water elemental
   360 | D        | Killed a water elemental
   360 | D        | Reached skill level 8 in Stealth
   360 | D        | Reached XP level 4. HP: 24/24 MP: 9/9
   364 | D        | Learned a level 2 spell: Ensorcelled Hibernation
   368 | D        | Learned a level 3 spell: Confuse
   370 | D        | Found a glowing silver altar of Zin.
   370 | D        | Found a glowing golden altar of the Shining One.
   370 | D        | Found a white marble altar of Elyvilon.
   371 | D        | Noticed a deep elf mage
   373 | D        | Killed a deep elf mage
   373 | D        | Reached skill level 12 in Stealth
   373 | D        | Reached XP level 5. HP: 28/28 MP: 10/16
   373 | D        | Reached XP level 6. HP: 32/32 MP: 10/17
   425 | D        | Found a radiant altar of Vehumet.
   425 | D        | Found a deep blue altar of Sif Muna.
   425 | D        | Found an ancient bone altar of Kikubaaqudgha.
   431 | D        | Noticed a smoke demon
   437 | D        | Reached XP level 7. HP: 36/36 MP: 13/19
   484 | D        | Learned a level 3 spell: Dazzling Spray
   484 | D        | Found a basalt altar of Yredelemnul.
   484 | D        | Found a shadowy altar of Dithmenos.
   484 | D        | Found a sacrificial altar of Ru.
   488 | D        | Reached skill level 10 in Short Blades
   492 | D        | Became a worshipper of Dithmenos the Shadowed
   509 | D        | Found a hide-covered altar of Uskayaw.
   509 | D        | Found a roughly hewn altar of Beogh.
   509 | D        | Found an iron altar of Okawaru.
   509 | D        | Found a bloodstained altar of Trog.
   509 | D        | Found an ornate altar of the Wu Jian Council.
   509 | D        | Noticed a human
   510 | D        | Noticed a human
   512 | D        | Killed a human
   512 | D        | Reached skill level 13 in Stealth
   513 | D        | Killed a human
   528 | D        | Noticed a shadow
   533 | D        | Killed a shadow
   533 | D        | Reached * piety under Dithmenos
   533 | D        | Reached XP level 8. HP: 38/40 MP: 14/22
   544 | D        | Learned a level 3 spell: Tukima's Dance
   554 | D        | Noticed Snorg
   556 | D        | Killed Snorg
   556 | D        | Reached skill level 15 in Stealth
   596 | D        | Reached ** piety under Dithmenos
   596 | D        | Reached XP level 9. HP: 44/44 MP: 25/25
   602 | D        | Noticed a centaur warrior
   612 | D        | Killed a centaur warrior
   612 | D        | Reached skill level 16 in Stealth
   614 | D        | Reached *** piety under Dithmenos
   892 | D        | Noticed an unseen horror
   892 | D        | Noticed an unseen horror
   895 | D        | Killed an unseen horror
   897 | D        | Killed an unseen horror
   897 | D        | Reached skill level 17 in Stealth
   897 | D        | Reached XP level 10. HP: 49/49 MP: 27/27
   900 | D        | Noticed Dowan
   900 | D        | Noticed Duvessa
   906 | D        | Killed from afar by Dowan

Skill      XL: |  1  2  3  4  5  6  7  8  9 |
---------------+----------------------------+-----
Fighting       | 2 3 |  3.5
Short Blades   | 4 7 9 10 12 13 | 13.4
Stealth        | 6 8 12 13 15 17 | 17.3
Spellcasting   | 7 9 11 12 | 12.9
Hexes          | 7 8 9 11 13 | 13.1
Dodging        | |  3.0

Action                   |  1- 3 |  4- 6 |  7- 9 | 10-12 || total
-------------------------+-------+-------+-------+-------++-------
Melee: Dagger            |    25 |     8 |    19 |       ||    52
 Cast: Confuse           |       |     1 |     4 |       ||     5
       Ensorcelled Hiber |       |     1 |     2 |       ||     3
       Dazzling Spray    |       |       |     2 |     1 ||     3
  Use: Potion            |       |     1 |       |       ||     1
 Stab: Sleeping          |     4 |     1 |    10 |       ||    15
       Confused          |       |       |     3 |       ||     3
Armor: Robe              |     4 |       |       |       ||     4
Dodge: Dodged            |    16 |     3 |    11 |     2 ||    32
